 Dungeon Sprint DCSS version 0.22.1-2-g9c5b331383 (webtiles) character file.

37333 Groucho the Warrior (level 13, -12/136 HPs)
             Began as a Minotaur Fighter on Dec 19, 2018.
             Was the Champion of Makhleb.
             Mangled by a spark wasp (17 damage)
             ... in the Dungeon (Sprint IX: "|||||||||||||||||||||||||||||").
             The game lasted 00:12:07 (6027 turns).

Groucho the Warrior (Minotaur Fighter)              Turns: 6027, Time: 00:12:07

Health: -12/136    AC: 25    Str: 24    XL:     13   Next: 57%
Magic:  13/15      EV: 15    Int:  5    God:    Makhleb [******]
Gold:   1913       SH: 14    Dex: 15    Spells: 12/12 levels left

rFire    . . .     SeeInvis .   p - +2 scimitar (holy)
rCold    . . .     Gourm    .   c - +0 shield
rNeg     . . .     Faith    .   a - +0 plate armour
rPois    +         Spirit   .   (helmet restricted)
rElec    .         Reflect  .   q - +0 cloak
rCorr    .         Harm     .   I - +2 pair of gloves {archery}
MR       .....     NoTele   +   r - +0 pair of boots
Stlth    ..........             (no amulet)
HPRegen  0.32/turn              D - ring of poison resistance
MPRegen  0.14/turn              s - +3 ring of dexterity

@: slowed, very slow
A: retaliatory headbutt, horns 2
a: Minor Destruction, Lesser Servant of Makhleb, Major Destruction, Greater
Servant of Makhleb, Renounce Religion


You were in the Dungeon.
You worshipped Makhleb.
Makhleb was exalted by your worship.
You were not hungry.

You visited 1 branch You collected 1913 gold pieces.

Inventory:

Hand Weapons
 o - a +2 morningstar of protection
 p - a +2 scimitar of holy wrath (weapon)
 G - a +1 demon whip
 H - a +3 broad axe
Missiles
 C - 19 tomahawks (quivered)
Armour
 a - a +0 plate armour (worn)
 c - a +0 shield (worn)
 q - a +0 cloak (worn)
 r - a +0 pair of boots (worn)
 I - a +2 pair of gloves of archery (worn)
Jewellery
 b - a +3 ring of intelligence
 s - a +3 ring of dexterity (right hand)
 y - an uncursed ring of positive energy
 D - a ring of poison resistance (left hand)
 E - an uncursed ring of protection from fire
 F - an uncursed ring of protection from magic
Wands
 n - a wand of iceblast (3)
 B - a wand of flame (31)
Scrolls
 k - a scroll of blinking
 l - 6 scrolls of remove curse
 m - 2 scrolls of amnesia
 u - a scroll of fear
 v - 2 scrolls of fog
 w - 4 scrolls of enchant armour
 x - 3 scrolls of identify
Potions
 d - a potion of might
 e - 4 potions of curing
 f - a potion of resistance
 g - 2 potions of heal wounds
 h - 2 potions of haste
 i - 4 potions of magic
 j - a potion of invisibility
 t - 2 potions of brilliance
 A - a potion of agility
Comestibles
 z - 7 rations
 J - a chunk of flesh


   Skills:
 - Level 18.6 Fighting
 - Level 17.7 Long Blades
 * Level 9.8 Throwing
 - Level 18.4 Armour
 - Level 12.6 Dodging
 - Level 15.1 Shields
 - Level 16.3 Unarmed Combat
 * Level 4.8 Invocations


You had 12 spell levels left.
You didn't know any spells.
Your spell library was empty.

Dungeon Overview and Level Annotations

Branches:
Dungeon (1/1)

Altars:
Cheibriados
Dithmenos
Elyvilon
Fedhas
Gozag
Hepliaklqana
Kikubaaqudgha
Makhleb
Nemelex Xobeh
Okawaru
Qazlal
Ru
Sif Muna
Trog
Uskayaw
Vehumet
Wu Jian
Xom
Yredelemnul
Zin
The Shining One
Beogh
Jiyva
Lugonu

Shops:
D [?:[


Innate Abilities, Weirdness & Mutations

You reflexively headbutt those who attack you in melee.
You have a pair of horns on your head.


Message History

You block the spark wasp's attack.
The spriggan air mage waves its arms in wide circles.
The air twists around and strikes you!
You slice the spark wasp!!
The spark wasp is moderately wounded.
You block the spark wasp's attack.
Unknown command.
You slice the spark wasp!! Your headbutt misses the spark wasp.
The spark wasp is severely wounded.
The spark wasp barely misses you. You furiously retaliate!
You headbutt the spark wasp. You block the spark wasp's attack.
The spriggan air mage waves its arms in wide circles.
The air twists around and strikes you!
* * * LOW HITPOINT WARNING * * *
You slash the spark wasp!
The spark wasp is almost dead.
You block the spark wasp's attack. The spark wasp stings you!
* * * LOW HITPOINT WARNING * * *
The spark wasp shocks you!
You die...

.▓.▓.▓.▓.▓.▓.▓.▓.▓
.▓.▓.▓.▓'▓.▓.▓.▓.▓
.▓.▓.▓.▓.▓.▓.▓.▓.▓
.▓.▓.▓.▓.▓)▓.▓.▓.▓
.▓.▓.▓.▓=▓.▓.▓.▓.▓
.▓.▓)▓.▓.▓.▓.▓.▓.▓
:▓.▓)▓.▓.▓.▓.▓.▓.▓
[▓.▓)▓.▓.▓.▓'▓.▓.▓
÷▓.▓)▓.▓)▓.▓)▓.▓@▓
.▓.▓[▓.▓)▓.▓.▓.▓y▓
.▓.▓)▓.▓.▓.▓.▓.▓Q▓
÷▓.▓)▓.▓)▓.▓.▓.▓c▓
.▓.▓.▓.▓)▓.▓)▓.▓i▓
÷▓.▓.▓.▓)▓.▓.▓.▓i▓
.▓.▓.▓.▓)▓.▓.▓.▓C▓
.▓.▓.▓.▓.▓.▓.▓.▓h▓
.▓.▓.▓.▓[▓.▓.▓.▓


You could see a stone giant, a spark wasp, a tengu warrior, a spriggan
berserker, a spriggan air mage, a polar bear (berserk) and a yaktaur.

Vanquished Creatures
  Rupert (D)
  A tentacled monstrosity (D)
  Agnes (D)
  A very ugly thing (D)
  A fire dragon (D)
  A naga warrior (D)
  A hydra (D)
  An alligator snapping turtle (D)
  2 alligators (D)
  2 centaur warriors (D)
  3 ogre magi (D)
  7 two-headed ogres (D)
  A deep troll earth mage (D)
  An orc high priest (D)
  A naga sharpshooter (D)
  A hell knight (D)
  A salamander mystic (D)
  2 sea snakes (D)
  An orc knight (D)
  3 ugly things (D)
  3 wolf spiders (D)
  A mana viper (D)
  An orb spider (D)
  A manticore (D)
  A black mamba (D)
  A merfolk siren (D)
  A gargoyle (D)
  A guardian serpent (D)
  3 naga magi (D)
  2 spiny frogs (D)
  2 water nymphs (D)
  2 rime drakes (D)
  2 komodo dragons (D)
  2 yaktaurs (D)
  A troll (D)
  A jumping spider (D)
  A merfolk (D)
  A tyrant leech (D)
  A hornet (D)
  A slime creature (D)
  A snapping turtle (D)
  2 redbacks (D)
  A tarantella (D)
  5 yaks (D)
  Grum (D)
  A basilisk (D)
  2 wargs (D)
  A water moccasin (D)
  A swamp drake (D)
  A hell hound (D)
  A porcupine (D)
  12 orc warriors (D)
  A sky beast (D)
  A black bear (shapeshifter) (D)
  5 ogres (D)
  A boggart (D)
  9 wolves (D)
  3 crocodiles (D)
  5 bullfrogs (D)
  A scorpion (D)
  A wight (D)
  A crimson imp (D)
  4 orc priests (D)
  6 orc wizards (D)
  An adder (D)
  An adder zombie (D)
  4 orcs (D)
  2 bat skeletons (D)
  A bat zombie (D)
  A jackal (D)
  3 frilled lizards (D)
  2 kobolds (D)
144 creatures vanquished.

Vanquished Creatures (others)
  A tyrant leech (D)
  A bog body (D)
  A vampire mosquito (D)
  A swamp drake (D)
4 creatures vanquished.

Grand Total: 148 creatures vanquished

Notes
Turn   | Place    | Note
-------+----------+-------------------------------------------
     0 | D        | Groucho the Minotaur Fighter began the quest for the Orb.
     0 | D        | Reached XP level 1. HP: 19/19 MP: 0/0
    16 | D        | Reached skill level 1 in Unarmed Combat
   180 | D        | Noticed an ogre
   180 | D        | Noticed a scorpion
   193 | D        | Killed an ogre
   193 | D        | Reached skill level 5 in Fighting
   193 | D        | Reached skill level 5 in Long Blades
   193 | D        | Reached skill level 5 in Armour
   193 | D        | Reached XP level 2. HP: 16/30 MP: 1/1
   193 | D        | Reached XP level 3. HP: 20/37 MP: 2/2
   193 | D        | Reached XP level 4. HP: 24/44 MP: 3/3
   196 | D        | Reached skill level 5 in Shields
   196 | D        | Reached XP level 5. HP: 28/51 MP: 4/4
   659 | D        | Found a roughly hewn altar of Beogh.
   659 | D        | Found a snail-covered altar of Cheibriados.
   659 | D        | Found a shadowy altar of Dithmenos.
   659 | D        | Found a white marble altar of Elyvilon.
   659 | D        | Found a blossoming altar of Fedhas.
   659 | D        | Found an opulent altar of Gozag.
   660 | D        | Found a hazy altar of Hepliaklqana.
   661 | D        | Found a viscous altar of Jiyva.
   662 | D        | Found an ancient bone altar of Kikubaaqudgha.
   663 | D        | Found a corrupted altar of Lugonu.
   664 | D        | Found a burning altar of Makhleb.
   665 | D        | Found a sparkling altar of Nemelex Xobeh.
   666 | D        | Found an iron altar of Okawaru.
   667 | D        | Found a stormy altar of Qazlal.
   668 | D        | Found a sacrificial altar of Ru.
   669 | D        | Found a deep blue altar of Sif Muna.
   670 | D        | Found a bloodstained altar of Trog.
   671 | D        | Found a hide-covered altar of Uskayaw.
   672 | D        | Found a radiant altar of Vehumet.
   673 | D        | Found an ornate altar of the Wu Jian Council.
   674 | D        | Found a shimmering altar of Xom.
   675 | D        | Found a basalt altar of Yredelemnul.
   676 | D        | Found a glowing silver altar of Zin.
   677 | D        | Found a glowing golden altar of the Shining One.
   704 | D        | Became a worshipper of Makhleb the Destroyer
   765 | D        | Noticed a sky beast
   770 | D        | Reached skill level 5 in Unarmed Combat
   777 | D        | Killed a sky beast
   777 | D        | Reached XP level 6. HP: 46/60 MP: 5/5
   779 | D        | Reached * piety under Makhleb
   782 | D        | Reached ** piety under Makhleb
   949 | D        | Noticed a troll
   949 | D        | Noticed an orc warrior
   949 | D        | Noticed a centaur warrior
   949 | D        | Noticed a yak
   949 | D        | Noticed a gargoyle
   958 | D        | Killed a troll
   958 | D        | Reached skill level 5 in Dodging
   958 | D        | Reached XP level 7. HP: 55/69 MP: 6/6
   971 | D        | Killed a centaur warrior
   971 | D        | Reached skill level 10 in Fighting
   971 | D        | Reached skill level 10 in Long Blades
   971 | D        | Reached skill level 10 in Armour
   971 | D        | Reached XP level 8. HP: 56/80 MP: 7/7
   976 | D        | Reached *** piety under Makhleb
   997 | D        | Killed a gargoyle
  1414 | D        | Noticed a komodo dragon
  1422 | D        | Noticed a seven-headed hydra
  1425 | D        | Killed a komodo dragon
  1425 | D        | Reached **** piety under Makhleb
  1425 | D        | Reached skill level 10 in Unarmed Combat
  1425 | D        | Reached XP level 9. HP: 66/89 MP: 8/8
  1437 | D        | Killed a nine-headed hydra
  1453 | D        | Reached ***** piety under Makhleb
  1863 | D        | Noticed a rime drake
  1863 | D        | Noticed a rime drake
  1863 | D        | Noticed a spiny frog
  1868 | D        | Killed a rime drake
  1872 | D        | Noticed a komodo dragon
  1877 | D        | Killed a rime drake
  1877 | D        | Reached XP level 10. HP: 100/100 MP: 9/9
  1880 | D        | Killed a spiny frog
  1884 | D        | Reached skill level 10 in Shields
  1888 | D        | Reached ****** piety under Makhleb
  2003 | D        | Noticed Grum
  2014 | D        | Killed Grum
  2474 | D        | Noticed an orc high priest
  2491 | D        | Noticed an orc knight
  2498 | D        | Killed an orc high priest
  2530 | D        | Killed an orc knight
  2530 | D        | Reached XP level 11. HP: 30/111 MP: 10/10
  2738 | D        | Found Yngidat's Armour Emporium.
  2738 | D        | Noticed a two-headed ogre
  2738 | D        | Noticed a two-headed ogre
  2738 | D        | Noticed an ogre mage
  2738 | D        | Noticed an ogre mage
  2738 | D        | Noticed a two-headed ogre
  2743 | D        | Noticed a two-headed ogre
  2747 | D        | Killed an ogre mage
  2749 | D        | Killed a two-headed ogre
  2755 | D        | Killed a two-headed ogre
  2755 | D        | Reached skill level 15 in Fighting
  2755 | D        | Reached skill level 15 in Armour
  2765 | D        | Killed an ogre mage
  2765 | D        | Reached skill level 15 in Long Blades
  2765 | D        | Reached skill level 10 in Dodging
  2769 | D        | Killed a two-headed ogre
  2774 | D        | Killed a two-headed ogre
  2775 | D        | Noticed a two-headed ogre
  2781 | D        | Found Ohiehoex's Magic Scroll Shoppe.
  2787 | D        | Killed a two-headed ogre
  2793 | D        | Found Kihif's Book Emporium.
  2797 | D        | Found Soq Zus's Antique Armour Shoppe.
  2802 | D        | Noticed a two-headed ogre
  2803 | D        | Noticed a two-headed ogre
  2810 | D        | Killed a two-headed ogre
  2817 | D        | Killed a two-headed ogre
  3295 | D        | Noticed a brown ugly thing
  3300 | D        | Noticed a purple ugly thing
  3314 | D        | Killed a brown ugly thing
  3314 | D        | Noticed a hell knight
  3321 | D        | Killed a brown ugly thing
  3321 | D        | Reached XP level 12. HP: 118/122 MP: 11/11
  3359 | D        | Noticed a fire dragon
  3360 | D        | Noticed a centaur warrior
  3362 | D        | Noticed a deep troll earth mage
  3372 | D        | Killed a fire dragon
  3372 | D        | Reached skill level 15 in Unarmed Combat
  3375 | D        | Killed a centaur warrior
  3394 | D        | Killed a deep troll earth mage
  3704 | D        | Noticed Rupert
  3705 | D        | Paralysed by Rupert for 6 turns
  3715 | D        | Paralysed by Rupert for 4 turns
  3730 | D        | Killed Rupert
  4252 | D        | Noticed an alligator snapping turtle
  4291 | D        | Killed an alligator snapping turtle
  4291 | D        | Reached skill level 1 in Throwing
  4896 | D        | Noticed a naga warrior
  4925 | D        | Killed a naga warrior
  4925 | D        | Reached skill level 5 in Throwing
  4925 | D        | Reached XP level 13. HP: 49/134 MP: 6/12
  5900 | D        | Noticed Agnes
  5909 | D        | Killed Agnes
  5909 | D        | Reached skill level 15 in Shields
  5986 | D        | Noticed a green very ugly thing
  5986 | D        | Noticed a spark wasp
  5992 | D        | Noticed a tentacled monstrosity
  5997 | D        | Killed a cyan very ugly thing
  6016 | D        | Killed a tentacled monstrosity
  6021 | D        | Noticed a stone giant
  6027 | D        | HP: 5/136 [spark wasp (11)]
  6027 | D        | Mangled by a spark wasp

Skill      XL: |  1  2  3  4  5  6  7  8  9 10 11 12 13 |
---------------+----------------------------------------+-----
Unarmed Combat | 3 4 5 7 8 10 11 12 14 15 16 | 16.3
Long Blades    | 5 7 8 10 11 12 14 16 17 | 17.7
Fighting       | 5 6 7 8 10 11 12 14 16 17 18 | 18.6
Armour         | 5 6 7 8 10 11 12 14 16 17 18 | 18.4
Dodging        | 2 3 4 5 6 7 8 9 10 12 | 12.6
Shields        | 4 5 6 7 8 9 10 12 14 15 | 15.1
Throwing       | 5 9 |  9.8
Invocations    | 4 |  4.8

Action                   |  1- 3 |  4- 6 |  7- 9 | 10-12 | 13-15 || total
-------------------------+-------+-------+-------+-------+-------++-------
Melee: Long sword        |    24 |     2 |       |       |       ||    26
       Headbutt          |     3 |     4 |    16 |   123 |    45 ||   191
       Scimitar          |       |    24 |    76 |   451 |   114 ||   665
Throw: Tomahawk          |       |       |       |       |     1 ||     1
Evoke: Wand              |       |       |     5 |     3 |       ||     8
  Use: Potion            |     1 |     1 |     1 |     2 |     5 ||    10
       Scroll            |       |       |     1 |       |       ||     1
 Stab: Confused          |       |       |       |       |     4 ||     4
  Eat: Ration            |       |       |     1 |     3 |       ||     4
       Chunk             |       |       |       |     2 |     1 ||     3
Armor: Scale mail        |     6 |       |       |       |       ||     6
       Plate armour      |       |    18 |    27 |   102 |    40 ||   187
Dodge: Dodged            |     4 |     7 |    15 |   118 |    38 ||   182
Block: Shield            |    11 |     8 |    28 |   180 |    59 ||   286
       Rpst.: Long sword |     1 |       |       |       |       ||     1
       Scimitar          |       |     1 |     6 |    23 |     8 ||    38
